 Dungeon Crawl Stone Soup version 0.25-a0-464-g3004169 (webtiles) character file.

Game seed: 14925456728233211068, levelgen mode: deterministic

10885 15 the Destroyer (level 11, -1/64 HPs)
             Began as a Tengu Fire Elementalist on Feb 4, 2020.
             Was a High Priest of Vehumet.
             Slain by a two-headed ogre
             ... wielding a +0 giant club
              (16 damage)
             ... on level 11 of the Dungeon.
             The game lasted 01:25:56 (12923 turns).

15 the Destroyer (Tengu Fire Elementalist)         Turns: 12923, Time: 01:25:56

Health: -1/64      AC:  8    Str: 10    XL:     11   Next: 69%
Magic:  1/24       EV: 17    Int: 18    God:    Vehumet [*****.]
Gold:   96         SH:  0    Dex: 14    Spells: 1/26 levels left

rFire    . . .     SeeInvis .   H - +0 glaive
rCold    . . .     Gourm    .   (shield currently unavailable)
rNeg     . . .     Faith    .   l - +3 leather armour of Wonder {+Blink}
rPois    .         Spirit   .   (helmet restricted)
rElec    .         Reflect  .   (no cloak)
rCorr    .         Harm     .   r - +0 pair of gloves
MR       .....                  (boots unavailable)
Stlth    ++........             (no amulet)
HPRegen  0.20/turn              (no ring)
MPRegen  0.19/turn              (no ring)

@: flying quickly and evasively, quick
A: beak, talons 3, able to fly
a: Stop Flying, Renounce Religion, Evoke Blink


You were on level 11 of the Dungeon.
You worshipped Vehumet.
Vehumet was extremely pleased with you.
You were not hungry.

You visited 2 branches of the dungeon, and saw 12 of its levels.

You collected 651 gold pieces.
You spent 555 gold pieces at shops.

Inventory:

Hand Weapons
 e - a +1 whip of freezing
 g - a +1 battleaxe of venom
 o - a +0 long sword
 p - a +4 rapier of venom
 q - a +1 war axe of flaming
 t - a +0 quarterstaff
 y - a +1 flail of protection
 F - a +1 hunting sling of freezing
 H - a +0 glaive (weapon)
Missiles
 i - 67 bolts
 G - 23 sling bullets
Armour
 a - a +0 robe
 l - the +3 leather armour of Wonder (worn) {+Blink}
   (You found it on level 5 of the Dungeon)

   It lets you blink.
   If you remove this armour, your AC will fall 7 points (8 -> 1)
 r - a +0 pair of gloves (worn)
 z - a +2 leather armour of fire resistance
 A - +2 steam dragon scales
Magical Staves
 k - an uncursed staff of wizardry
 B - an uncursed staff of summoning
Jewellery
 j - an uncursed ring of ice
Wands
 x - a wand of flame (8)
 K - a wand of polymorph (10)
Scrolls
 b - 11 scrolls of remove curse
 n - 4 scrolls of magic mapping {unknown}
 s - a scroll of enchant weapon {unknown}
 u - a scroll of enchant armour {unknown}
 v - 3 scrolls of teleportation {unknown}
 w - a scroll of vulnerability {unknown}
 E - a scroll of noise {unknown}
 J - a scroll of torment {unknown}
 M - a scroll of acquirement {unknown}
 O - a scroll of brand weapon {unknown}
 P - a scroll of amnesia
Potions
 d - 2 potions of might
 f - a potion of cancellation
 h - 2 potions of lignification
 C - a potion of agility {unknown}
 D - a potion of magic {unknown}
 I - a potion of heal wounds
 N - a potion of berserk rage {unknown}
Comestibles
 c - 30 rations
 L - a chunk of flesh


   Skills:
 * Level 5.3 Fighting
 + Level 3.3 Short Blades
 + Level 2.3(2.6) Axes
 + Level 1.4(2.6) Maces & Flails
 + Level 0.4(2.1) Polearms
 + Level 2.1(2.4) Staves
 * Level 5.9 Armour
 * Level 5.0 Dodging
 + Level 3.1 Stealth
 * Level 8.0 Spellcasting
 * Level 9.5 Conjurations
 + Level 6.5 Fire Magic
 + Level 3.5 Ice Magic
 * Level 6.4 Air Magic
 + Level 0.3 Earth Magic
 * Level 5.0 Evocations


You had one spell level left.
You knew the following spells:

 Your Spells              Type           Power        Failure   Level  Hunger
a - Foxfire               Conj/Fire      ####         1%          1    None
b - Conjure Flame         Conj/Fire      #####...     1%          3    #......
c - Freeze                Ice            ###.         1%          1    None
d - Sticky Flame          Conj/Fire      #####...     1%          4    ###....
e - Bolt of Magma         Conj/Fire/Erth ####......   11%         5    #####..
f - Fireball              Conj/Fire      #####.....   3%          5    #####..
g - Airstrike             Air            ####......   2%          4    ###....
h - Blink                 Tloc           N/A          19%         2    None

Your spell library contained the following spells:

 Spells                   Type           Power        Failure   Level  Hunger
 Iskenderun's Mystic Bla  Conj/Tloc      ###.....     4%          4    ###....
 Magic Dart               Conj           ####         1%          1    None
 Animate Skeleton         Necr           N/A          12%         1    None
 Apportation              Tloc           #.....       12%         1    None
 Corona                   Hex            #......      12%         1    None
 Summon Small Mammal      Summ           #...         12%         1    None
 Dazzling Flash           Conj/Hex       ###...       1%          3    #......
 Mephitic Cloud           Conj/Pois/Air  ####....     1%          3    #......
 Inner Flame              Hex/Fire       ###.....     2%          3    #......
 Ensorcelled Hibernation  Hex/Ice        ##....       9%          2    None
 Irradiate                Conj/Tmut      ###.......   13%         5    #####..
 Call Imp                 Summ           #.......     19%         2    None
 Slow                     Hex            #.......     19%         2    None
 Confusing Touch          Hex            #.......     36%         3    #......
 Tukima's Dance           Hex            #.......     36%         3    #......
 Hydra Form               Tmut           #.........   100%        6    ######.
 Statue Form              Tmut/Erth      #........    100%        6    ######.
 Dragon Form              Tmut           #.........   100%        7    #######


Dungeon Overview and Level Annotations

Branches:
Dungeon (11/15)            Temple (1/1) D:7            Lair (0/6) D:9
    Orc: D:9-12

Altars:
Cheibriados
Dithmenos
Elyvilon
Fedhas
Gozag
Hepliaklqana
Kikubaaqudgha
Makhleb
Nemelex Xobeh
Okawaru
Qazlal
Ru
Sif Muna
Trog
Uskayaw
Vehumet
Wu Jian
Xom
Yredelemnul
Zin
The Shining One
Beogh

Shops:
D:5 %   D:8 !

Annotations:
D:10 4 runed translucent doors


Innate Abilities, Weirdness & Mutations

You have a beak for a mouth.
You have claws for feet.
You can fly continuously.


Message History

Okay, then.
Casting: Airstrike (safe; 2% risk of failure)
Confirm with . or Enter, or press ? or * to list all spells.
You conjure some foxfire!
Casting: Foxfire (safe; 1% risk of failure)
Confirm with . or Enter, or press ? or * to list all spells.
Nothing appears to happen.
The foxfire hits the two-headed ogre but does no damage.
The two-headed ogre is severely wounded.
You barely miss the two-headed ogre. You peck the two-headed ogre.
The two-headed ogre is severely wounded.
The two-headed ogre closely misses you. The two-headed ogre barely misses you.
You hit the two-headed ogre.
The two-headed ogre is severely wounded.
The two-headed ogre hits you with a +0 giant club!!
The two-headed ogre barely misses you.
The two-headed ogre hits you with a +0 giant club!!
* * * LOW HITPOINT WARNING * * *
The two-headed ogre hits you with a +0 giant spiked club!
You die...

#....# ##.##.# #.#
#....####..#.# #.#
#....#.......######.#
######.###..#.......#
# #....#.#######
#(#..#.# #.#..#.#
#O#.O..# #@#.#..#
###.#..# ..#..#
####..########
...#####.........
#.......########
...#####......#
#.....####.# ##....#


You could see a two-headed ogre.

Vanquished Creatures
  2 two-headed ogres
  Pikel (D:6)
  A deep elf mage (D:10)
  Joseph (D:7)
  2 gargoyles
  Maggie (D:8)
  2 trolls
  2 hippogriffs
  A wraith (D:10)
  6 yaks
  Eustachio (D:4)
  2 hungry ghosts
  Menkaure (D:5)
  Edmund (D:6)
  A water moccasin (D:8)
  The ghost of quoriil the Magician, an amateur DEWz of Hepliaklqana (D:3)
  A slave (D:6)
  3 ice beasts
  7 orc warriors
  2 sky beasts
  A phantom (D:8)
  An eye of draining (D:9)
  A black bear (D:7)
  A necrophage (D:9)
  9 ogres
  5 centaurs
  2 crocodiles
  Blork the orc (D:6)
  A big kobold (D:9)
  4 bullfrogs
  2 scorpions (D:7)
  2 crimson imps
  2 bullfrog zombies
  8 hounds
  3 jellies
  4 orc wizards
  A gnoll shaman (D:8)
  4 orc priests
  2 bullfrog skeletons
  2 centaur skeletons
  4 iguanas
  6 worker ants
  A killer bee zombie (D:5)
  A hound skeleton (D:9)
  A howler monkey zombie (D:5)
  A worker ant zombie (D:7)
  5 gnolls (D:8)
  15 adders
  A shadow imp (D:6)
  An ooze (D:7)
  4 adder zombies
  2 adder skeletons
  3 worms
  4 dart slugs
  3 leopard geckos
  51 orcs
  6 bats
  9 giant cockroaches
  5 goblins
  4 hobgoblins
  21 jackals
  13 kobolds
  3 quokkas
  A ball python (D:3)
  3 frilled lizards
  A quokka skeleton (D:6)
  8 rats
  A spectral orc (D:4)
273 creatures vanquished.

Vanquished Creatures (others)
  An orc (D:10)
  A hobgoblin (D:2)
  732 foxfires
734 creatures vanquished.

Grand Total: 1007 creatures vanquished

Notes
Turn   | Place    | Note
-------+----------+-------------------------------------------
     0 | D:1      | 15 the Tengu Fire Elementalist began the quest for the Orb.
     0 | D:1      | Reached XP level 1. HP: 10/10 MP: 4/4
   314 | D:1      | Reached XP level 2. HP: 14/15 MP: 3/6
   632 | D:1      | Reached XP level 3. HP: 12/19 MP: 7/7
   901 | D:2      | Found a radiant altar of Vehumet.
   915 | D:2      | Became a worshipper of Vehumet
   918 | D:2      | Found a snail-covered altar of Cheibriados.
  1008 | D:2      | Reached skill level 2 in Conjurations
  1016 | D:2      | Learned a level 3 spell: Conjure Flame
  1155 | D:2      | Reached XP level 4. HP: 24/24 MP: 6/8
  1218 | D:2      | Reached skill level 3 in Conjurations
  1743 | D:3      | Reached * piety under Vehumet
  1743 | D:3      | Offered knowledge of Freeze by Vehumet.
  1744 | D:3      | Reached skill level 1 in Armour
  1746 | D:3      | Learned a level 1 spell: Freeze
  1864 | D:3      | Gained mutation: You can fly continuously. [Tengu growth]
  1864 | D:3      | Reached XP level 5. HP: 28/28 MP: 5/9
  2156 | D:3      | Found a runed translucent door.
  2198 | D:3      | Noticed quoriil's ghost (amateur DEWz)
  2234 | D:3      | Found a hide-covered altar of Uskayaw.
  2287 | D:3      | Noticed a centaur
  2546 | D:3      | Killed a centaur
  2546 | D:3      | Reached skill level 4 in Conjurations
  2546 | D:3      | Reached XP level 6. HP: 12/33 MP: 11/11
  2609 | D:3      | Learned a level 4 spell: Sticky Flame
  2766 | D:4      | Offered knowledge of Sandblast by Vehumet.
  2773 | D:4      | Reached ** piety under Vehumet
  2886 | D:4      | Found an opulent altar of Gozag.
  2934 | D:4      | Found a basalt altar of Yredelemnul.
  2961 | D:4      | Learned a level 2 spell: Ensorcelled Hibernation
  3010 | D:4      | Reached skill level 5 in Conjurations
  3080 | D:4      | Found a bloodstained altar of Trog.
  3102 | D:4      | Reached skill level 1 in Fighting
  3102 | D:4      | Reached skill level 1 in Maces & Flails
  3102 | D:4      | Reached skill level 1 in Ice Magic
  3102 | D:4      | Reached XP level 7. HP: 38/38 MP: 8/13
  3215 | D:4      | Found a white marble altar of Elyvilon.
  3215 | D:4      | Found a sparkling altar of Nemelex Xobeh.
  3584 | D:5      | Entered Level 5 of the Dungeon
  3584 | D:5      | Noticed Eustachio
  3976 | D:5      | Got a twisted leather armour
  3987 | D:5      | Identified the +3 leather armour of Wonder {+Blink} (You
                  | found it on level 5 of the Dungeon)
  4099 | D:5      | Found Esis's Food Boutique.
  4120 | D:5      | Bought a ration for 55 gold pieces
  4120 | D:5      | Bought a ration for 55 gold pieces
  4120 | D:5      | Bought a ration for 55 gold pieces
  4453 | D:5      | Noticed Menkaure
  4469 | D:5      | Killed Menkaure
  4469 | D:5      | Reached skill level 5 in Fire Magic
  4469 | D:5      | Reached XP level 8. HP: 44/44 MP: 10/15
  4707 | D:6      | Found a hazy altar of Hepliaklqana.
  4730 | D:6      | Reached skill level 6 in Conjurations
  4730 | D:6      | Reached skill level 1 in Evocations
  4883 | D:6      | Found an ancient bone altar of Kikubaaqudgha.
  4886 | D:6      | Noticed Blork the orc
  4903 | D:6      | Killed Blork the orc
  4903 | D:6      | Reached skill level 1 in Short Blades
  4977 | D:6      | Noticed a gargoyle
  5260 | D:4      | Killed Eustachio
  5553 | D:6      | Noticed Edmund
  5563 | D:6      | Killed Edmund
  5695 | D:6      | Found a shadowy altar of Dithmenos.
  5745 | D:6      | Learned a level 5 spell: Fireball
  5793 | D:6      | Offered knowledge of Static Discharge by Vehumet.
  5835 | D:6      | Reached skill level 1 in Axes
  5921 | D:6      | Found a blossoming altar of Fedhas.
  5921 | D:6      | Noticed Pikel
  5934 | D:6      | Killed Pikel
  5934 | D:6      | Reached skill level 5 in Spellcasting
  5934 | D:6      | Reached skill level 7 in Conjurations
  5934 | D:6      | Reached XP level 9. HP: 36/49 MP: 4/17
  5939 | D:6      | Learned a level 3 spell: Static Discharge
  6122 | D:6      | Killed a gargoyle
  6122 | D:6      | Reached skill level 1 in Air Magic
  6717 | D:7      | Reached *** piety under Vehumet
  6893 | D:7      | Noticed Joseph
  6908 | D:7      | Killed Joseph
  6908 | D:7      | Reached skill level 8 in Conjurations
  6967 | D:7      | Found a staircase to the Ecumenical Temple.
  6976 | Temple   | Entered the Ecumenical Temple
  7480 | D:7      | Reached XP level 10. HP: 56/56 MP: 16/20
  7948 | D:7      | Offered knowledge of Airstrike by Vehumet.
  7957 | D:7      | Learned a level 4 spell: Airstrike
  8278 | D:8      | Reached skill level 5 in Armour
  8437 | D:8      | Found Xomag's Distillery.
  8447 | D:8      | Reached **** piety under Vehumet
  8447 | D:8      | Noticed Maggie
  8592 | D:8      | Killed Maggie
  9024 | D:8      | Bought a potion of heal wounds for 75 gold pieces
  9024 | D:8      | Bought a potion of might for 60 gold pieces
  9024 | D:8      | Bought a potion of curing for 45 gold pieces
  9024 | D:8      | Bought a potion of heal wounds for 75 gold pieces
  9114 | D:3      | Killed quoriil's ghost
  9582 | D:9      | Offered knowledge of Bolt of Magma by Vehumet.
 10285 | D:9      | Found a staircase to the Lair.
 10289 | D:9      | Found a roughly hewn altar of Beogh.
 10327 | D:9      | HP: 2/58 [poisoned by an orc warrior]
 10750 | D:8      | Bought a potion of might for 60 gold pieces
 10750 | D:8      | Bought a potion of heal wounds for 75 gold pieces
 10821 | D:9      | Reached ***** piety under Vehumet
 10836 | D:9      | Learned a level 5 spell: Bolt of Magma
 10922 | D:9      | Found a burning altar of Makhleb.
 10935 | D:9      | Reached XP level 11. HP: 53/62 MP: 8/22
 11131 | D:10     | Entered Level 10 of the Dungeon
 11158 | D:10     | Reached skill level 9 in Conjurations
 11204 | D:10     | Reached skill level 5 in Air Magic
 11793 | D:10     | Noticed a two-headed ogre
 11803 | D:10     | Killed a two-headed ogre
 11884 | D:10     | Offered knowledge of Iskenderun's Mystic Blast by Vehumet.
 11891 | D:10     | Learned a level 2 spell: Blink
 11919 | D:10     | Noticed a deep elf mage
 11923 | D:10     | Killed a deep elf mage
 12061 | D:10     | Found a runed translucent door.
 12077 | D:10     | Found a runed translucent door.
 12088 | D:10     | Found a runed translucent door.
 12105 | D:10     | Found a runed translucent door.
 12182 | D:10     | Reached skill level 5 in Fighting
 12836 | D:11     | Noticed a two-headed ogre
 12870 | D:11     | Killed a two-headed ogre
 12870 | D:11     | Reached skill level 5 in Dodging
 12870 | D:11     | Reached skill level 5 in Evocations
 12895 | D:11     | Noticed a two-headed ogre
 12923 | D:11     | Slain by a two-headed ogre

Levels and vault maps discovered:
D:1:      noname_arrival_rooms_in_the_neighbourhood, layout_basic
D:2:      layout_basic, fiery_altar_vehumet, old_standard_altar
D:3:      layout_basic, lemuel_crystal_altar, hellmonk_ghost_happy_afterlife
D:4:      layout_rooms, kennysheep_mini_moat,
          nicolae_gozag_cash_rules_everything_around_me,
          yredelemnul_forgotten_temple_becter, gammafunk_temple_overflow_statue,
          first_ration, serial_rivers, chequers_serial_rivers_micro_e,
          chequers_serial_rivers_micro_c, chequers_serial_rivers_micro_b,
          chequers_serial_rivers_small_b, chequers_serial_rivers_small_a,
          chequers_serial_rivers_large_b, minmay_misc_feat_iff, minivault_24
D:5:      layout_loops_ring, serial_shops, shop, uniq_menkaure, uniq_eustachio
D:6:      layout_basic, nicolae_dithmenos_shadow_blocks, lemuel_doored_altar,
          nicolae_overflow_crystal_walls, basic_altar, corexii_shack,
          uniq_edmund, uniq_blork_the_orc, uniq_pikel
D:7:      layout_basic, temple_statues, uniq_joseph
D:8:      layout_rooms, nicolae_overflow_hidden_temple, serial_shops, shop,
          kennysheep_path_1, uniq_maggie
D:9:      layout_roguey [special_room_orc], makhleb_blood_cavern_becter,
          lair_entry_dummy, serial_co_window_serial, co_window_paths_a,
          co_window_corner_a, co_window_paths_a, co_window_paths_a,
          co_window_paths_a, co_window_corner_ca, co_window_cross_4,
          co_window_broadway_c, co_window_2corner, co_window_2corner,
          co_window_corner_b, glass_columns_a
D:10:     layout_cave_pools, hangedman_stone_soup, minmay_statue_crystal_thing
D:11:     minmay_general_purpose_star, layout_basic, enter_trove_6,
          uniq_nergalle
Temple:   jpeg_temple_island

Skill      XL: |  1  2  3  4  5  6  7  8  9 10 11 |
---------------+----------------------------------+-----
Fire Magic     | 4 5 6 |  6.5
Conjurations   | 2 3 4 5 7 8 9 |  9.5
Armour         | 1 2 3 4 5 |  5.9
Spellcasting   | 3 4 5 6 7 8 |  8.0
Fighting       | 1 2 3 4 5 |  5.3
Maces & Flails | 1 |  1.4
Ice Magic      | 1 2 3 |  3.5
Evocations     | 2 3 4 5 |  5.0
Short Blades   | 1 2 3 |  3.3
Axes           | 1 2 |  2.3
Stealth        | 3 |  3.1
Air Magic      | 2 4 6 |  6.4
Staves         | 2 |  2.1
Dodging        | 4 5 |  5.0
Polearms       | |  0.4
Earth Magic    | |  0.3

Action                   |  1- 3 |  4- 6 |  7- 9 | 10-12 || total
-------------------------+-------+-------+-------+-------++-------
Melee: Unarmed           |    20 |       |       |       ||    20
       Peck              |    11 |     4 |    13 |    14 ||    42
       Short sword       |    27 |     2 |    15 |       ||    44
       Kick              |     4 |     4 |    26 |    27 ||    61
       Dagger            |     1 |       |       |       ||     1
       Whip              |     7 |    28 |     4 |       ||    39
       Quarterstaff      |       |     1 |     1 |       ||     2
       Staff             |       |       |    21 |    15 ||    36
       Battleaxe         |       |       |    30 |    32 ||    62
       Rapier            |       |       |    30 |    43 ||    73
       Flail             |       |       |     4 |       ||     4
       Glaive            |       |       |       |    18 ||    18
 Fire: Hunting sling     |       |       |     2 |       ||     2
 Cast: Foxfire           |    40 |   109 |   162 |   212 ||   523
       Conjure Flame     |       |     2 |     7 |     9 ||    18
       Ensorcelled Hiber |       |     1 |     1 |       ||     2
       Sticky Flame      |       |       |     9 |     3 ||    12
       Fireball          |       |       |     7 |    15 ||    22
       Static Discharge  |       |       |     1 |       ||     1
       Airstrike         |       |       |       |    41 ||    41
       Freeze            |       |       |       |     3 ||     3
       Bolt of Magma     |       |       |       |    13 ||    13
 Abil: Fly               |       |     1 |       |       ||     1
Evoke: Wand              |       |       |       |     1 ||     1
  Use: Scroll            |     4 |     3 |     6 |     2 ||    15
       Potion            |       |     2 |     6 |    10 ||    18
 Stab: Sleeping          |     1 |     2 |     2 |     2 ||     7
  Eat: Chunk             |     2 |     6 |    17 |    20 ||    45
       Ration            |       |       |       |     3 ||     3
Armor: Robe              |    11 |     2 |     5 |       ||    18
       Leather armour    |       |       |    23 |    27 ||    50
Dodge: Dodged            |    55 |    25 |   109 |    71 ||   260

Table legend:
 A = Non-vault XP
 B = Vault XP
 C = Vault XP percentage of total XP
 D = Non-vault monster count
 E = Vault monster count
 F = Vault count percentage of total count
                 A         B        C        D         E       F
            +---------+---------+-------+---------+---------+-------
      Total |   11818 |    3732 |  24.0 |     232 |      40 |  14.7
            +---------+---------+-------+---------+---------+-------
        D:1 |      35 |       0 |   0.0 |      20 |       0 |   0.0
        D:2 |      99 |       0 |   0.0 |      19 |       0 |   0.0
        D:3 |     214 |     139 |  39.4 |      36 |       1 |   2.7
        D:4 |     601 |     197 |  24.7 |      14 |       2 |  12.5
        D:5 |     212 |     172 |  44.8 |      14 |       1 |   6.7
        D:6 |    1185 |     902 |  43.2 |      16 |       4 |  20.0
        D:7 |    1662 |     471 |  22.1 |      35 |       1 |   2.8
        D:8 |    1306 |     395 |  23.2 |      24 |       1 |   4.0
        D:9 |    1273 |     874 |  40.7 |      24 |      27 |  52.9
       D:10 |    3871 |     582 |  13.1 |      24 |       3 |  11.1
       D:11 |    1360 |       0 |   0.0 |       6 |       0 |   0.0
            +---------+---------+-------+---------+---------+-------
